 Dungeon Crawl Stone Soup version 0.30.0-10-gfe55d96785 (webtiles) character file.

Game seed: 6603279593810640084

12439 NinjaNoafa the Carver (level 11, 0/76 HPs)
             Began as a Merfolk Artificer on May 15, 2023.
             Was an Elder of Wu Jian.
             Slain by a five-headed hydra (8 damage)
             ... on level 1 of the Lair of Beasts.
             The game lasted 00:31:32 (11199 turns).

NinjaNoafa the Carver (Merfolk Artificer)          Turns: 11199, Time: 00:31:33

Health: 0/76       AC: 12    Str: 12    XL:     11   Next: 93%
Magic:  11/11      EV: 18    Int: 17    God:    Wu Jian [****..]
Gold:   781        SH: 14    Dex: 19    Spells: 10/10 levels left

rFire   . . .        d - +1 dagger (flame)
rCold   . . .        p - +0 kite shield
rNeg    . . .        N - +2 robe {Will+}
rPois   .            w - +2 hat
rElec   .            R - +1 cloak
rCorr   .            g - +2 pair of gloves
SInv    .            W - +0 pair of boots
Will    +....        V - amulet of magic regeneration
Stlth   ++           G - +6 ring of intelligence
HPRegen 0.32/turn    A - +5 ring of evasion
MPRegen 0.52/turn

%: no passive effects
@: about to teleport
A: (nimble swimmer 2), mertail
a: Renounce Religion, Wall Jump, Serpent's Lash


You were on level 1 of the Lair of Beasts.
You worshipped Wu Jian.
Wu Jian was greatly pleased with you.
You visited 3 branches of the dungeon, and saw 13 of its levels.
You also visited: Sewer.

You collected 781 gold pieces.

Inventory:

Hand Weapons
 a - a +4 long sword
 b - a +1 long sword of holy wrath
 c - a +0 short sword of venom
 d - a +1 dagger of flaming (weapon)
Missiles
 n - 2 throwing nets (quivered)
 v - 9 boomerangs
 H - 53 poisoned darts
 L - 2 curare-tipped darts
 Q - 5 silver boomerangs
Armour
 g - a +2 pair of gloves (worn)
 p - a +0 kite shield (worn)
 w - a +2 hat (worn)
 N - a +2 robe of willpower (worn)
 R - a +1 cloak (worn)
 W - a +0 pair of boots (worn)
Jewellery
 A - a +5 ring of evasion (right hand)
 E - a ring of fire
 F - a ring of ice
 G - a +6 ring of intelligence (left hand)
 V - an amulet of magic regeneration (around neck)
Wands
 e - a wand of iceblast (2)
 J - a wand of flame (35)
 K - a wand of acid (8)
 T - a wand of charming (34)
Scrolls
 h - a scroll of summoning {unknown}
 i - a scroll of brand weapon {unknown}
 k - 3 scrolls of magic mapping
 l - 5 scrolls of amnesia
 s - 2 scrolls of noise
 t - 2 scrolls of enchant weapon {unknown}
 u - a scroll of immolation {unknown}
 x - 3 scrolls of poison
 y - 4 scrolls of teleportation
 D - 3 scrolls of fog
 M - a scroll of fear {unknown}
 P - a scroll of vulnerability {unknown}
Potions
 f - 2 potions of haste {unknown}
 j - 2 potions of magic {unknown}
 m - 4 potions of brilliance
 o - 6 potions of curing
 q - 2 potions of might {unknown}
 r - a potion of berserk rage
 z - 2 potions of invisibility {unknown}
 C - a potion of lignification {unknown}
 I - 10 potions of ambrosia
 O - 2 potions of flight
 S - a potion of mutation {unknown}
 U - 2 potions of resistance {unknown}


   Skills:
 - Level 3.8 Fighting
 + Level 13.8 Long Blades
 - Level 0.6 Armour
 - Level 4.1 Dodging
 - Level 1.1 Stealth
 + Level 13.3 Shields
 - Level 5.0 Evocations


You had 10 spell levels left.
You didn't know any spells.
Your spell library contained the following spells:

 Spells                   Type           Power      Damage    Failure   Level
 Magic Dart               Conj           0%         1d3       45%         1
 Call Imp                 Summ           0%         N/A       58%         2
 Mephitic Cloud           Conj/Pois/Air  0%         N/A       83%         3


Dungeon Overview and Level Annotations

Branches:
Dungeon (11/15) Zot: 26629  Temple (1/1) D:6 Zot: 5976    Lair (1/5) D:11 Zot: 5550
  Sewer (visited)
    Orc: D:9-12

Altars:
Ashenzari
Cheibriados
Dithmenos
Elyvilon
Fedhas
Gozag
Hepliaklqana
Kikubaaqudgha
Makhleb
Nemelex Xobeh
Okawaru
Qazlal
Ru
Sif Muna
Trog
Uskayaw
Vehumet
Wu Jian
Xom
Yredelemnul
Zin
The Shining One

Shops:
D:1 :

Annotations:
D:8 2 transporters, dolemite99's ghost, novice MfMo


Innate Abilities, Weirdness & Mutations

((You are very nimble when in or above water. (Stealth+, EV+, Speed+++)))
Your lower body shifts to a powerful aquatic tail in water.


Message History

You block the five-headed hydra's attack.
You hit the five-headed hydra. You burn the five-headed hydra.
The five-headed hydra is heavily wounded.
The five-headed hydra bites you!
* * * LOW HITPOINT WARNING * * *
The five-headed hydra bites you.
* * * LOW HITPOINT WARNING * * *
You block the five-headed hydra's attack.
The five-headed hydra bites you but does no damage.
The five-headed hydra bites you!
* * * LOW HITPOINT WARNING * * *
Unknown command.
Unknown command.
The five-headed hydra attacks as you move away!
You block the five-headed hydra's attack.
The five-headed hydra completely misses you.
The five-headed hydra bites you!
* * * LOW HITPOINT WARNING * * *
The five-headed hydra misses you.
You block the five-headed hydra's attack.
Unknown command.
Aiming: Iceblast
Press: ? - help, Shift-Dir - straight line, p - five-headed hydra
Okay, then.
As you read the scroll of teleportation, it crumbles to dust.
You feel strangely unstable.
The five-headed hydra bites you but does no damage.
You block the five-headed hydra's attack.
The five-headed hydra bites you!
* * * LOW HITPOINT WARNING * * *
The five-headed hydra barely misses you.
The five-headed hydra misses you.
The five-headed hydra attacks as you move away!
The five-headed hydra bites you but does no damage. x2
You block the five-headed hydra's attack. x2
The five-headed hydra closely misses you.
The five-headed hydra attacks as you move away!
You block the five-headed hydra's attack.
The five-headed hydra bites you!
You die...

+...P...........####
#####...........#
####..#.##.P### ###
##.<######.###.####
##.# ##.......# #.#
####.......# #..
##..'.......#
#.###..##.......###
#.# #@###.......+.#
##.#.###D#
#.........##
(........#
#..........###
####.#####
##.#######.... #..
#.### P.. ### #


You could see a five-headed hydra.

Vanquished Creatures
  Erolcha (D:10)
  3 two-headed ogres
  Pikel (D:6)
  An unseen horror (D:11)
  A queen bee (Lair:1)
  2 trolls
  4 slime creatures
  A shadow (D:6)
  7 wraiths
  2 steam dragons
  A vampire mosquito (D:7)
  3 water moccasins
  2 ice beasts
  2 sky beasts (D:7)
  A black bear (D:7)
  3 ogres
  11 centaurs
  3 phantoms (D:6)
  6 kobold brigands
  2 gnoll sergeants
  6 bullfrogs
  5 scorpions
  13 wights
  33 killer bees
  A howler monkey (D:8)
  4 jellies
  4 orc priests
  2 gnoll boudas
  11 hounds
  4 iguanas
  2 sleepcaps (D:6)
  4 orc wizards
  13 gnolls
  11 adders
  5 river rats (D:4)
  3 white imps
  An ufetubus (D:4)
  4 worms (D:4)
  13 orcs
  5 ball pythons
  5 endoplasms
  2 giant cockroaches
  6 goblins
  3 hobgoblins
  A jackal (Sewer)
  3 quokkas
  A bat (D:2)
  4 frilled lizards
  41 kobolds
  8 rats
275 creatures vanquished.

Vanquished Creatures (others)
  Josephine (D:11)
  An orc wizard (D:5)
  An orc (D:10)
3 creatures vanquished.

Grand Total: 278 creatures vanquished

Notes
Turn   | Place    | Note
-------+----------+-------------------------------------------
     0 | D:1      | NinjaNoafa the Merfolk Artificer began the quest for the
                  | Orb.
     0 | D:1      | Reached XP level 1. HP: 15/15 MP: 1/1
   279 | D:1      | Found Alich's Vocational Training.
   494 | D:1      | Reached XP level 2. HP: 12/22 MP: 2/2
   836 | D:1      | Reached XP level 3. HP: 19/28 MP: 3/3
   890 | D:2      | Found a radiant altar of Vehumet.
  1540 | D:3      | Reached XP level 4. HP: 29/34 MP: 4/4
  1686 | D:3      | Found a faded altar of an unknown god.
  1991 | D:4      | Reached XP level 5. HP: 36/40 MP: 5/5
  2020 | D:4      | Reached skill level 5 in Evocations
  2028 | D:4      | Reached skill level 1 in Long Blades
  2078 | D:4      | Found a glowing drain.
  2085 | Sewer    | Entered a sewer
  2137 | Sewer    | Noticed a water moccasin
  2146 | Sewer    | Killed a water moccasin
  2147 | Sewer    | Reached XP level 6. HP: 46/46 MP: 6/6
  2325 | D:4      | Found a white marble altar of Elyvilon.
  2710 | D:5      | Entered Level 5 of the Dungeon
  2755 | D:4      | Reached skill level 5 in Long Blades
  2860 | D:4      | Reached XP level 7. HP: 48/51 MP: 7/7
  3753 | D:6      | Reached XP level 8. HP: 58/58 MP: 8/8
  3767 | D:6      | Found a staircase to the Ecumenical Temple.
  3776 | Temple   | Entered the Ecumenical Temple
  3790 | Temple   | Became a worshipper of the Wu Jian Council
  3949 | D:6      | Reached skill level 1 in Shields
  4211 | D:6      | Reached skill level 5 in Shields
  4359 | D:6      | Reached XP level 9. HP: 61/65 MP: 9/9
  4405 | D:6      | Reached * piety under Wu Jian
  4583 | D:6      | Noticed Pikel
  4599 | D:6      | Killed Pikel
  4898 | D:6      | Noticed a troll
  5148 | D:6      | Killed a troll
  5561 | D:7      | Reached XP level 10. HP: 61/71 MP: 10/10
  5669 | D:7      | Reached skill level 10 in Shields
  5905 | D:7      | Noticed a cyan ugly thing
  5906 | D:7      | Noticed a cyclops
  5909 | D:7      | Noticed a boulder beetle
  6241 | D:8      | Reached ** piety under Wu Jian
  6258 | D:8      | Reached skill level 10 in Long Blades
  6340 | D:8      | Found an ancient bone altar of Kikubaaqudgha.
  6715 | D:8      | Found a transporter.
  6718 | D:8      | Noticed dolemite99's ghost (novice MfMo)
  6720 | D:8      | Noticed a moth of wrath
  6784 | D:8      | Found a glowing golden altar of the Shining One.
  6993 | D:8      | Found a transporter.
  7661 | D:9      | Noticed a two-headed ogre
  7712 | D:8      | Killed a two-headed ogre
  8168 | D:9      | Reached *** piety under Wu Jian
  8218 | D:9      | Noticed a two-headed ogre
  8230 | D:9      | Killed a two-headed ogre
  8231 | D:9      | Reached XP level 11. HP: 54/76 MP: 11/11
  8938 | D:10     | Entered Level 10 of the Dungeon
  8999 | D:10     | Noticed a two-headed ogre
  9023 | D:10     | Killed a two-headed ogre
  9199 | D:10     | Noticed Erolcha
  9473 | D:10     | Found an opulent altar of Gozag.
  9492 | D:10     | Found a radiant altar of Vehumet.
  9593 | D:10     | Killed Erolcha
 10531 | D:11     | Found a staircase to the Lair.
 10537 | D:11     | Noticed Josephine
 10556 | D:11     | Your ally Josephine died
 10727 | Lair:1   | Entered Level 1 of the Lair of Beasts
 10727 | Lair:1   | Noticed a five-headed hydra
 10874 | Lair:1   | Reached **** piety under Wu Jian
 11199 | Lair:1   | Slain by a five-headed hydra

Illustrated notes

Levels and vault maps discovered:
D:1:      minmay_arrival_glassed_features, layout_loops_ring,
          nicolae_shop_vocational
D:2:      layout_loops_cross, basic_altar, minmay_diced_spiral
D:3:      layout_rooms, ebering_ecumenical_altar_webs
D:4:      layout_gridville, mainiacjoe_overflow_surrounded_room,
          lightli_sewer_entry_pipes
D:5:      layout_basic, serial_park_tiny_1
D:6:      minmay_octagon_keep, layout_basic, minmay_temple_entry_junction_2,
          minmay_small_thing, uniq_pikel
D:7:      minmay_the_grid_square_5x5_3x3 [minmay_the_grid_square_5x5_v,
          minmay_the_grid_square_5x5_checkered,
          minmay_the_grid_square_5x5_dogpile, minmay_the_grid_square_5x5_inset,
          minmay_the_grid_square_5x5_megaprize_checkered,
          minmay_the_grid_square_5x5_two_walls_a,
          minmay_the_grid_square_5x5_trominoes,
          minmay_the_grid_square_5x5_detours,
          minmay_the_grid_square_5x5_spiral], layout_basic, chequers_avenue,
          minmay_misc_feat_diagonals
D:8:      layout_loops_ring, tso_altar, mainiacjoe_overflow_cross_hatched,
          gammafunk_ghost_berserking_beasts
D:9:      layout_long_grid
D:10:     layout_basic, mainiacjoe_overflow_large_starburst, uniq_erolcha
D:11:     layout_roguey, lair_entry_dummy, nicolae_diode_basic, uniq_josephine
Temple:   sentei_temple_godly_chess
Lair:1:   layout_roguey [special_room_bee]

Skill      XL: |  1  2  3  4  5  6  7  8  9 10 11 |
---------------+----------------------------------+-----
Dodging        | 3 4 |  4.1
Fighting       | 2 3 |  3.8
Evocations     | 4 5 |  5.0
Long Blades    | 4 5 8 11 13 | 13.8
Shields        | 6 9 11 13 | 13.3
Armour         | |  0.6
Stealth        | |  1.1

Action                     |  1- 3 |  4- 6 |  7- 9 | 10-12 || total
---------------------------+-------+-------+-------+-------++-------
  Melee: Spear             |    30 |       |       |       ||    30
         Short sword       |    96 |       |       |    15 ||   111
         Punch             |     1 |     2 |       |       ||     3
         Long sword        |    12 |   137 |   330 |   579 ||  1058
         Tailslap          |       |    11 |       |       ||    11
         Dagger            |       |       |       |    30 ||    30
  Throw: Throwing net      |       |       |       |     3 ||     3
Ability: Lunge             |       |       |    16 |    46 ||    62
         Whirlwind         |       |       |    31 |    80 ||   111
         Wall Jump         |       |       |       |     5 ||     5
  Evoke: Wand              |     2 |     2 |     6 |    10 ||    20
    Use: Scroll            |       |     5 |     2 |    12 ||    19
         Potion            |       |       |       |     4 ||     4
   Stab: Sleeping          |     2 |     6 |     3 |     5 ||    16
         Distracted        |       |       |     1 |       ||     1
 Armour: Leather armour    |    31 |    26 |    56 |       ||   113
         Robe              |       |       |    10 |    88 ||    98
  Dodge: Dodged            |    86 |   143 |   227 |   356 ||   812
  Block: Kite shield       |       |       |   133 |   426 ||   559
